Workbook

Sheet ORÇAMENTO CREAS
B6: Estado de Goiás
B7: PREFEITURA DE MORRINHOS
B8: ASSESSORIA DE PLANEJAMENTO
B10: OBRA: Reforma do CREAS
B11: LOCAL: Rua Castro Alves esq rua Cel. João Lopes Zedes, Qd 80, Lt 4A, Centro
B13: PLANILHA ORÇAMENTÁRIA
B15: ITEM | C15: FONTE | D15: CÓD | E15: SERVIÇO | F15: UND | G15: QTD | H15: VALOR MÃO DE OBRA | I15: VALOR MATERIAL | J15: VALOR UNITÁRIO | K15: VALOR TOTAL
B16: 1 | C16: SERVIÇOS PRELIMINARES
B17: 1.1 | C17: GOINFRA | D17: 21301 | E17: PLACA OBRA PLOTADA EM CHAPA METÁLICA 26 , FIXADA CAVALETES DE MADEIRA DE LEI (VIGOTAS 6X12CM) - PADRÃO GOINFRA | F17: m² | G17: =1.5*2 -> 3 | H17: 4.5 | I17: 389.3 | J17: =H17+I17 -> 393.8 | K17: =G17*J17 -> 1181.4
B18: 1.2 | C18: GOINFRA | D18: 21610 | E18: FERRAMENTAS ELÉTRICAS, EQUIPAMENTOS E MATERIAL DE LIMPEZA PERMANENTE DA OBRA - ÁREAS EDIFICADAS/COBERTAS/FECHADAS | F18: m² | G18: =216.82+60+78.3 -> 355.12 | H18: 0 | I18: 2.51 | J18: =H18+I18 -> 2.51 | K18: =G18*J18 -> 891.3512
B19: 1.3 | C19: GOINFRA | D19: 20701 | E19: LOCAÇÃO DA OBRA, EXECUÇÃO DE GABARITO SEM REAPROVEITAMENTO, INCLUSO PINTURA (FACE INTERNA DO RIPÃO 15CM) E PIQUETE COM TESTEMUNHA | F19: m² | G19: 78.3 | H19: 2.29 | I19: 3.89 | J19: =H19+I19 -> 6.18 | K19: =G19*J19 -> 483.894
B20: 1.4 | C20: GOINFRA | D20: 250103 | E20: ENCARREGADO - (OBRAS CIVIS) | F20: mês | G20: 4 | H20: 7065.22 | I20: 0 | J20: =H20+I20 -> 7065.22 | K20: =G20*J20 -> 28260.88
B21: TOTAL | K21: =SUM(K17:K20) -> 30817.525
B22: 2 | C22: DEMOLIÇÕES E LIMPEZA
B23: 2.1 | C23: GOINFRA | D23: 20118 | E23: DEMOLIÇÃO MANUAL ALVENARIA TIJOLO SEM REAPROVEITAMENTO COM TRANSPORTE ATE CAÇAMBA E CARGA | F23: m³ | G23: 4.27 | H23: 59.43 | I23: 0 | J23: =H23+I23 -> 59.43 | K23: =G23*J23 -> 253.7661
B24: 2.2 | C24: GOINFRA | D24: 20106 | E24: REMOÇÃO MANUAL JANELA OU PORTAL COM TRANSPORTE ATÉ CAÇAMBA E CARGA | F24: m² | G24: =2.53+5.46 -> 7.99 | H24: 9.5 | I24: 0 | J24: =H24+I24 -> 9.5 | K24: =G24*J24 -> 75.905
B25: 2.3 | C25: GOINFRA | D25: 20109 | E25: DEMOLIÇÃO MANUAL DE PISO CIMENTICIO SOBRE LASTRO DE CONCRETO COM TRANSPORTE ATE CAÇAMBA E CARGA | F25: m² | G25: =17.7+41.6 -> 59.3 | H25: 21.63 | I25: 0 | J25: =H25+I25 -> 21.63 | K25: =G25*J25 -> 1282.659
B26: 2.4 | C26: GOINFRA | D26: 20202 | E26: RASPAGEM E LIMPEZA MANUAL DO TERRENO | F26: m² | G26: 41.6 | H26: 4.17 | I26: 0 | J26: =H26+I26 -> 4.17 | K26: =G26*J26 -> 173.472
B27: TOTAL | K27: =SUM(K23:K26) -> 1785.8021
B28: 3 | C28: INFRAESTRUTURA
B29: 3.1 | C29: FUNDAÇÃO
B30: 3.1.1 | C30: GOINFRA | D30: 50303 | E30: ESTACA A TRADO MANUAL (BROCA) Ø 25 CM EM CONCRETO FCK 20MPA, SEM ARMADURA | F30: m | G30: 60 | H30: 38.2 | I30: 28.37 | J30: =H30+I30 -> 66.57 | K30: =G30*J30 -> 3994.2
B31: 3.1.2 | C31: GOINFRA | D31: 52005 | E31: ACO CA-50 - 10,0 MM (3/8") - (OBRAS CIVIS) | F31: kg | G31: 132 | H31: 4.12 | I31: 7.83 | J31: =H31+I31 -> 11.95 | K31: =G31*J31 -> 1577.4
B32: 3.1.3 | C32: GOINFRA | D32: 52014 | E32: ACO CA-60 - 5,0 MM - (OBRAS CIVIS) | F32: kg | G32: 18.7 | H32: 3.6 | I32: 8.53 | J32: =H32+I32 -> 12.13 | K32: =G32*J32 -> 226.831
B33: 3.1.4 | C33: GOINFRA | D33: 60507 | E33: PREPARO COM BETONEIRA E TRANSPORTE MANUAL DE CONCRETO FCK-20 - (O.C.) | F33: m³ | G33: 5.4 | H33: 123.01 | I33: 481.25 | J33: =H33+I33 -> 604.26 | K33: =G33*J33 -> 3263.004
B34: 3.1.5 | C34: GOINFRA | D34: 51026 | E34: LANÇAMENTO/APLICAÇÃO/ADENSAMENTO CONCRETO EM FUNDAÇÃO(O.C.) | F34: m³ | G34: 5.4 | H34: 59.13 | I34: 0.13 | J34: =H34+I34 -> 59.26 | K34: =G34*J34 -> 320.004
B35: 3.2 | C35: VIGA BALDRAME
B36: 3.2.1 | C36: GOINFRA | D36: 40101 | E36: ESCAVACAO MANUAL DE VALAS < 1 MTS. (OBRAS CIVIS) | F36: m³ | G36: 3.09 | H36: 53.52 | I36: 0 | J36: =H36+I36 -> 53.52 | K36: =G36*J36 -> 165.3768
B37: 3.2.2 | C37: GOINFRA | D37: 52004 | E37: ACO CA-50 - 10,0 MM (3/8") - (OBRAS CIVIS) | F37: kg | G37: 187.22 | H37: 4.12 | I37: 8.04 | J37: =H37+I37 -> 12.16 | K37: =G37*J37 -> 2276.5952
B38: 3.2.3 | C38: GOINFRA | D38: 52014 | E38: ACO CA-60 - 4.2 MM - (OBRAS CIVIS) | F38: kg | G38: 42.73 | H38: 3.6 | I38: 8.53 | J38: =H38+I38 -> 12.13 | K38: =G38*J38 -> 518.3149
B39: 3.2.4 | C39: GOINFRA | D39: 51055 | E39: LANÇAMENTO/APLICAÇÃO/ADENSAMENTO MANUAL DE CONCRETO - (O.C.) | F39: m³ | G39: 3.4 | H39: 70.96 | I39: 0 | J39: =H39+I39 -> 70.96 | K39: =G39*J39 -> 241.264
B40: 3.2.5 | C40: GOINFRA | D40: 60507 | E40: PREPARO COM BETONEIRA E TRANSPORTE MANUAL DE CONCRETO FCK-20 | F40: m³ | G40: 3.4 | H40: 123.01 | I40: 481.25 | J40: =H40+I40 -> 604.26 | K40: =G40*J40 -> 2054.484
B41: 3.2.6 | C41: GOINFRA | D41: 60191 | E41: FORMA DE TABUA CINTA BALDRAME U=8 VEZES | F41: m² | G41: 41.18 | H41: 15.71 | I41: 26.16 | J41: =H41+I41 -> 41.87 | K41: =G41*J41 -> 1724.2066
B42: 3.2.7 | C42: GOINFRA | D42: 120903 | E42: IMPERMEAB VIGAS BALDRAMES COM EMULSÃO ASFÁLTICA(2 DEMÃOS) | F42: m² | G42: 50.1 | H42: 9.58 | I42: 6.77 | J42: =H42+I42 -> 16.35 | K42: =G42*J42 -> 819.135
B43: TOTAL | J43: =H43+I43 -> 0 | K43: =SUM(K29:K42) -> 17180.816
B44: 4 | C44: SUPERESTRUTURA
B45: 4.1 | C45: PILAR
B46: 4.1.1 | C46: GOINFRA | D46: 52005 | E46: ACO CA-50 - 10,0 MM (3/8") - (OBRAS CIVIS) | F46: kg | G46: 218.24 | H46: 4.12 | I46: 7.83 | J46: =H46+I46 -> 11.95 | K46: =G46*J46 -> 2607.968
B47: 4.1.2 | C47: GOINFRA | D47: 52014 | E47: ACO CA-60 - 5,0 MM - (OBRAS CIVIS) | F47: kg | G47: 54.88 | H47: 3.6 | I47: 8.53 | J47: =H47+I47 -> 12.13 | K47: =G47*J47 -> 665.6944
B48: 4.1.3 | C48: GOINFRA | D48: 51055 | E48: LANÇAMENTO/APLICAÇÃO/ADENSAMENTO MANUAL DE CONCRETO - (O.C.) | F48: m³ | G48: 3.96 | H48: 70.96 | I48: 0 | J48: =H48+I48 -> 70.96 | K48: =G48*J48 -> 281.0016
B49: 4.1.4 | C49: GOINFRA | D49: 60507 | E49: PREPARO COM BETONEIRA E TRANSPORTE MANUAL DE CONCRETO FCK-20 - (O.C.) | F49: m³ | G49: 3.96 | H49: 123.01 | I49: 481.25 | J49: =H49+I49 -> 604.26 | K49: =G49*J49 -> 2392.8696
B50: 4.1.5 | C50: GOINFRA | D50: 60192 | E50: FORMA DE TABUA CINTA/PILAR SOBRE/ENTRE ALVENARIA U=8 VEZES | F50: m² | G50: 27 | H50: 15.71 | I50: 17.1 | J50: =H50+I50 -> 32.81 | K50: =G50*J50 -> 885.87
B51: 4.2 | C51: VIGA
B52: 4.2.1 | C52: GOINFRA | D52: 52004 | E52: ACO CA-50 - 8,0 MM (5/16") - (OBRAS CIVIS) | F52: kg | G52: 187.22 | H52: 4.12 | I52: 8.04 | J52: =H52+I52 -> 12.16 | K52: =G52*J52 -> 2276.5952
B53: 4.2.2 | C53: GOINFRA | D53: 52014 | E53: ACO CA-60 - 5,0 MM - (OBRAS CIVIS) | F53: kg | G53: 47 | H53: 3.6 | I53: 8.53 | J53: =H53+I53 -> 12.13 | K53: =G53*J53 -> 570.11
B54: 4.2.3 | C54: GOINFRA | D54: 51055 | E54: LANÇAMENTO/APLICAÇÃO/ADENSAMENTO MANUAL DE CONCRETO - (O.C.) | F54: m³ | G54: 3.4 | H54: 70.96 | I54: 0 | J54: =H54+I54 -> 70.96 | K54: =G54*J54 -> 241.264
B55: 4.2.4 | C55: GOINFRA | D55: 60507 | E55: PREPARO COM BETONEIRA E TRANSPORTE MANUAL DE CONCRETO FCK-20 | F55: m³ | G55: 3.4 | H55: 123.01 | I55: 481.25 | J55: =H55+I55 -> 604.26 | K55: =G55*J55 -> 2054.484
B56: 4.2.5 | C56: GOINFRA | D56: 60192 | E56: FORMA DE TABUA CINTA/PILAR SOBRE/ENTRE ALVENARIA U=8 VEZES | F56: m² | G56: 27 | H56: 15.71 | I56: 17.1 | J56: =H56+I56 -> 32.81 | K56: =G56*J56 -> 885.87
B57: 4.3 | C57: MARQUISE
B58: 4.3.1 | C58: GOINFRA | D58: 52004 | E58: ACO CA-50 - 8,0 MM (5/16") - (OBRAS CIVIS) | F58: m² | G58: 8.99 | H58: 4.12 | I58: 8.04 | J58: =H58+I58 -> 12.16 | K58: =G58*J58 -> 109.3184
B59: 4.3.2 | C59: GOINFRA | D59: 52003 | E59: ACO CA-50 - 6,3 MM (1/4") - (OBRAS CIVIS) | F59: m² | G59: 2.35 | H59: 4.12 | I59: 8.14 | J59: =H59+I59 -> 12.26 | K59: =G59*J59 -> 28.811
B60: 4.3.3 | C60: GOINFRA | D60: 51055 | E60: LANÇAMENTO/APLICAÇÃO/ADENSAMENTO MANUAL DE CONCRETO - (O.C.) | F60: m³ | G60: 0.183 | H60: 70.96 | I60: 0 | J60: =H60+I60 -> 70.96 | K60: =G60*J60 -> 12.98568
B61: 4.3.4 | C61: GOINFRA | D61: 60507 | E61: PREPARO COM BETONEIRA E TRANSPORTE MANUAL DE CONCRETO FCK-20 | F61: m³ | G61: 0.183 | H61: 123.01 | I61: 481.25 | J61: =H61+I61 -> 604.26 | K61: =G61*J61 -> 110.57958
B62: 4.3.5 | C62: GOINFRA | D62: 60192 | E62: FORMA DE TABUA CINTA/PILAR SOBRE/ENTRE ALVENARIA U=8 VEZES | F62: m² | G62: 2.255 | H62: 15.71 | I62: 17.1 | J62: =H62+I62 -> 32.81 | K62: =G62*J62 -> 73.98655
B63: 4.3.6 | C63: GOINFRA | D63: 60103 | E63: ESCORAMENTO METALICO - VIGAS/LAJES (ALUGUEL/MES) | F63: m²xmês | G63: 1.83 | H63: 2.08 | I63: 24.5 | J63: =H63+I63 -> 26.58 | K63: =G63*J63 -> 48.6414
B64: 4.3.7 | C64: GOINFRA | D64: 130107 | E64: PROTEÇÃO MECÂNICA, TÉRMICA E ACÚSTICA DE IMPERMEABILIZAÇÃO PARA LAJE COM VERMICULITA (1CI:2ARM:3VERM) ESP.=3C | F64: m² | G64: 4.09 | H64: 26.95 | I64: 26.29 | J64: =H64+I64 -> 53.24 | K64: =G64*J64 -> 217.7516
B65: TOTAL | J65: =H65+I65 -> 0 | K65: =SUM(K45:K64) -> 13463.801
B66: 5 | C66: ALVENARIA E VEDAÇÕES
B67: 5.1 | C67: SINAPI | D67: 96366 | E67: PAREDE COM SISTEMA EM CHAPAS DE GESSO PARA DRYWALL, USO INTERNO, COM DUAS FACES DUPLAS E ESTRUTURA METÁLICA COM GUIAS SIMPLES, SEM VÃOS. AF_07/2023_PS | F67: m² | G67: 20.8 | H67: 22.32 | I67: 120.62 | J67: =H67+I67 -> 142.94 | K67: =G67*J67 -> 2973.152
B68: 5.2 | C68: GOINFRA | D68: 100102 | E68: ALVENARIA DE TIJOLO COMUM 1/2 VEZ - ARGAMASSA (1CI : 2CH : 8ARML) | F68: m² | G68: 277.43 | H68: 57.11 | I68: 51.89 | J68: =H68+I68 -> 109 | K68: =G68*J68 -> 30239.87
B69: 5.3 | C69: GOINFRA | D69: 60010 | E69: VERGA/CONTRAVERGA EM CONCRETO ARMADO FCK = 20 MPA | F69: m³ | G69: 0.97 | H69: 1045.95 | I69: 1920.99 | J69: =H69+I69 -> 2966.94 | K69: =G69*J69 -> 2877.9318
B70: 5.4 | C70: GOINFRA | D70: 201410 | E70: MOLDURA TIPO "U" INVERTIDO EM ARGAMASSA COM 2CM DE ESPESSURA TIPO PINGADEIRA EM MURO/PLATIBANDA ( A PARTE VERTICAL DESCE 2,5CM) | F70: m² | G70: 10.5 | H70: 65.52 | I70: 19.81 | J70: =H70+I70 -> 85.33 | K70: =G70*J70 -> 895.965
B71: TOTAL | J71: =H71+I71 -> 0 | K71: =SUM(K67:K70) -> 36986.919
B72: 6 | C72: COBERTURA
B73: 6.1 | C73: SINAPI | D73: 100377 | E73: FABRICAÇÃO E INSTALAÇÃO DE TESOURA (INTEIRA OU MEIA) EM AÇO, VÃOS MAIORES OU IGUAIS A 3,0 M E MENORES QUE 6,0 M, INCLUSO IÇAMENTO, EXCLUSIVE PINTURA. AF_10/2025 | F73: kg | G73: 715 | H73: 0.86 | I73: 12.26 | J73: =H73+I73 -> 13.12 | K73: =G73*J73 -> 9380.8
B74: 6.2 | C74: SINAPI | D74: 92580 | E74: TRAMA DE AÇO COMPOSTA POR TERÇAS PARA TELHADOS DE ATÉ 2 ÁGUAS PARA TELHA ONDULADA DE FIBROCIMENTO, METÁLICA, PLÁSTICA OU TERMOACÚSTICA, INCLUSO TRANSPORTE VERTICAL, EXCLUSIVE PINTURA. AF_10/2025_PS | F74: m² | G74: 104.94 | H74: 9.19 | I74: 39.18 | J74: =H74+I74 -> 48.37 | K74: =G74*J74 -> 5075.9478
B75: 6.3 | C75: GOINFRA | D75: 160501 | E75: COBERTURA COM TELHA ONDULADA DE FIBROCIMENTO | F75: m² | G75: 104.94 | H75: 10.98 | I75: 36.49 | J75: =H75+I75 -> 47.47 | K75: =G75*J75 -> 4981.5018
B76: 6.4 | C76: GOINFRA | D76: 160601 | E76: CALHA DE CHAPA GALVANIZADA Nº 26 DESENVOLVIMENTO 60 CM | F76: m | G76: 20.21 | H76: 46.97 | I76: 27.77 | J76: =H76+I76 -> 74.74 | K76: =G76*J76 -> 1510.4954
B77: 6.5 | C77: GOINFRA | D77: 160602 | E77: RUFO DE CHAPA GALVANIZADA Nº 26 DESENVOLVIMENTO 40 CM | F77: m | G77: 35.9 | H77: 25 | I77: 20.91 | J77: =H77+I77 -> 45.91 | K77: =G77*J77 -> 1648.169
B78: 6.6 | C78: GOINFRA | D78: 210462 | E78: FORRO DE PVC COM ESTRUTURA EM METALON PINTADA COM TINTA EPOXI | F78: m² | G78: 68.75 | H78: 13.52 | I78: 50.64 | J78: =H78+I78 -> 64.16 | K78: =G78*J78 -> 4411
B79: TOTAL | J79: =H79+I79 -> 0 | K79: =SUM(K73:K78) -> 27007.914
B80: 7 | C80: INSTALAÇÕES HIDROSSANITÁRIAS
B81: 7.1 | C81: INSTALAÇÃO HIDRÁULICA
B82: 7.1.1 | C82: GOINFRA | D82: 81860 | E82: CAIXA D'AGUA POLIETILENO 500 LTS. COM TAMPA | F82: unid | G82: 1 | H82: 156.57 | I82: 241.53 | J82: =H82+I82 -> 398.1 | K82: =G82*J82 -> 398.1
B83: 7.1.2 | C83: GOINFRA | D83: 81889 | E83: TORNEIRA BOIA DIAMETRO 1" (25 MM) | F83: unid | G83: 1 | H83: 17.73 | I83: 161.9 | J83: =H83+I83 -> 179.63 | K83: =G83*J83 -> 179.63
B84: 7.1.3 | C84: GOINFRA | D84: 80976 | E84: REGISTRO DE ESFERA METAL DIAMETRO 3/4" | F84: unid | G84: 1 | H84: 28.18 | I84: 43.43 | J84: =H84+I84 -> 71.61 | K84: =G84*J84 -> 71.61
B85: 7.1.4 | C85: GOINFRA | D85: 80977 | E85: REGISTRO DE ESFERA METAL DIAMETRO 1" | F85: unid | G85: 2 | H85: 28.18 | I85: 62.96 | J85: =H85+I85 -> 91.14 | K85: =G85*J85 -> 182.28
B86: 7.1.5 | C86: GOINFRA | D86: 81055 | E86: ADAPTADOR SOLDÁVEL COM FLANGES LIVRES PARA CAIXA D'ÁGUA 25X3/4" | F86: unid | G86: 1 | H86: 4.69 | I86: 8.81 | J86: =H86+I86 -> 13.5 | K86: =G86*J86 -> 13.5
B87: 7.1.6 | C87: GOINFRA | D87: 81056 | E87: ADAPTADOR SOLDÁVEL COM FLANGES LIVRES PARA CAIXA D'ÁGUA 32X1" | F87: unid | G87: 3 | H87: 4.69 | I87: 16.66 | J87: =H87+I87 -> 21.35 | K87: =G87*J87 -> 64.05
B88: 7.1.7 | C88: GOINFRA | D88: 81004 | E88: TUBO SOLDAVEL PVC MARROM DIAM. 32 MM | F88: m | G88: 2.06 | H88: 6.73 | I88: 8.04 | J88: =H88+I88 -> 14.77 | K88: =G88*J88 -> 30.4262
B89: 7.1.8 | C89: GOINFRA | D89: 81340 | E89: JOELHO DE REDUÇÃO 90 GRAUS SOLDAVEL DIAM. 32 MM X 25 MM | F89: unid | G89: 1 | H89: 9.39 | I89: 4.61 | J89: =H89+I89 -> 14 | K89: =G89*J89 -> 14
B90: 7.1.9 | C90: GOINFRA | D90: 80926 | E90: REGISTRO DE GAVETA C/CANOPLA DIAMETRO 3/4" | F90: unid | G90: 2 | H90: 31.83 | I90: 113.22 | J90: =H90+I90 -> 145.05 | K90: =G90*J90 -> 290.1
B91: 7.1.10 | C91: GOINFRA | D91: 81003 | E91: TUBO SOLDAVEL PVC MARROM DIAM. 25 MM | F91: m | G91: =13.59+6.23 -> 19.82 | H91: 6.25 | I91: 3.83 | J91: =H91+I91 -> 10.08 | K91: =G91*J91 -> 199.7856
B92: 7.1.11 | C92: GOINFRA | D92: 81321 | E92: JOELHO 90 GRAUS SOLDAVEL DIAMETRO 25 MM | F92: unid | G92: =4+3 -> 7 | H92: 9.39 | I92: 0.89 | J92: =H92+I92 -> 10.28 | K92: =G92*J92 -> 71.96
B93: 7.1.12 | C93: GOINFRA | D93: 81369 | E93: JOELHO 90 GRAUS SOLDAVEL COM BUCHA DE LATAO 25 X 3/4" | F93: unid | G93: =1+3 -> 4 | H93: 5.94 | I93: 7.47 | J93: =H93+I93 -> 13.41 | K93: =G93*J93 -> 53.64
B94: 7.1.13 | C94: GOINFRA | D94: 81322 | E94: JOELHO 90 GRAUS SOLDAVEL DIAMETRO 32 MM (1") | F94: unid | G94: 1 | H94: 9.39 | I94: 2.2 | J94: =H94+I94 -> 11.59 | K94: =G94*J94 -> 11.59
B95: 7.1.14 | C95: GOINFRA | D95: 81402 | E95: TE 90 GRAUS SOLDAVEL DIAMETRO 25 MM | F95: unid | G95: 2 | H95: 9.9 | I95: 1.34 | J95: =H95+I95 -> 11.24 | K95: =G95*J95 -> 22.48
B96: 7.1.15 | C96: GOINFRA | D96: 81403 | E96: TE 90 GRAUS SOLDAVEL DIAMETRO 32 MM | F96: unid | G96: 2 | H96: 9.9 | I96: 3.81 | J96: =H96+I96 -> 13.71 | K96: =G96*J96 -> 27.42
B97: 7.1.16 | C97: GOINFRA | D97: 81066 | E97: ADAPTADOR SOLDÁVEL CURTO C/ BOLSA E ROSCA PARA REGISTRO 25X3/4" | F97: unid | G97: =2+1 -> 3 | H97: 4.69 | I97: 1.18 | J97: =H97+I97 -> 5.87 | K97: =G97*J97 -> 17.61
B98: 7.1.17 | C98: GOINFRA | D98: 81145 | E98: LUVA DE REDUÇÃO SOLDÁVEL COM BUCHA LATAO 25X1/2" | F98: unid | G98: 2 | H98: 7.82 | I98: 5.19 | J98: =H98+I98 -> 13.01 | K98: =G98*J98 -> 26.02
B99: 7.1.18 | C99: GOINFRA | D99: 70351 | E99: ABRAÇADEIRA METALICA TIPO "U" DIAM. 3/4" | F99: unid | G99: 2 | H99: 0.51 | I99: 0.61 | J99: =H99+I99 -> 1.12 | K99: =G99*J99 -> 2.24
B100: 7.2 | C100: INSTALAÇÃO DE ÁGUAS PLUVIAIS
B101: 7.2.1 | C101: GOINFRA | D101: 82304 | E101: TUBO SOLDAVEL PARA ESGOTO DIAMETRO 100 MM | F101: m | G101: 18 | H101: 27.13 | I101: 16.44 | J101: =H101+I101 -> 43.57 | K101: =G101*J101 -> 784.26
B102: 7.2.2 | C102: GOINFRA | D102: 81938 | E102: JOELHO 90 GRAUS DIAMETRO 100 MM (ESGOTO) | F102: unid | G102: =3+2 -> 5 | H102: 23.48 | I102: 7.81 | J102: =H102+I102 -> 31.29 | K102: =G102*J102 -> 156.45
B103: 7.3 | C103: INSTALAÇÃO SANITÁRIA
B104: 7.3.1 | C104: GOINFRA | D104: 82301 | E104: TUBO SOLDAVEL PARA ESGOTO DIAMETRO 40 MM | F104: m | G104: =(0.5+0.42)*1.1 -> 1.012 | H104: 12.51 | I104: 6.37 | J104: =H104+I104 -> 18.88 | K104: =G104*J104 -> 19.10656
B105: 7.3.2 | C105: GOINFRA | D105: 82302 | E105: TUBO SOLDAVEL PARA ESGOTO DIAMETRO 50 MM | F105: m | G105: =(2.24+4.72)*1.1 -> 7.656 | H105: 15.65 | I105: 9.95 | J105: =H105+I105 -> 25.6 | K105: =G105*J105 -> 195.9936
B106: 7.3.3 | C106: GOINFRA | D106: 82304 | E106: TUBO SOLDAVEL PARA ESGOTO DIAMETRO 100 MM | F106: m | G106: =(2.51+0.73)*1.1 -> 3.564 | H106: 27.13 | I106: 16.44 | J106: =H106+I106 -> 43.57 | K106: =G106*J106 -> 155.28348
B107: 7.3.4 | C107: GOINFRA | D107: 81927 | E107: JOELHO 90 GRAUS C/ANEL 40 MM | F107: unid | G107: 1 | H107: 14.6 | I107: 4.87 | J107: =H107+I107 -> 19.47 | K107: =G107*J107 -> 19.47
B108: 7.3.5 | C108: GOINFRA | D108: 81730 | E108: CURVA 90 GRAUS CURTA DIAM. 40 MM (ESGOTO) | F108: unid | G108: 1 | H108: 14.6 | I108: 5.72 | J108: =H108+I108 -> 20.32 | K108: =G108*J108 -> 20.32
...

Sheet CRONOG CREAS
A6: Estado de Goiás
A7: PREFEITURA DE MORRINHOS
A8: ASSESSORIA DE PLANEJAMENTO
A10: OBRA: Reforma do CREAS e construção do CRIAP
A11: LOCAL: Rua Castro Alves esq rua Cel. João Lopes Zedes, Qd 80, Lt 4A, Centro
A13: CRONOGRAMA FÍSICO FINANCEIRO
A14: ITEM | B14: DESCRIÇÃO | C14: Mês 1 | E14: Mês 2 | G14: Mês 3 | I14: Mês 4 | K14: Mês 5 | M14: Somat % | N14: TOTAL
C15: Valor | D15: % | E15: Valor | F15: % | G15: Valor | H15: % | I15: Valor | J15: % | K15: VALOR | L15: % | N15: Valor | O15: %
A16: 1 | B16: SERVIÇOS PRELIMINARES | C16: =D16*N16 -> 11022.566 | D16: 0.28 | E16: =F16*N16 -> 7085.9352 | F16: 0.18 | G16: =H16*N16 -> 7085.9352 | H16: 0.18 | I16: =J16*N16 -> 7085.9352 | J16: 0.18 | K16: =L16*N16 -> 7085.9352 | L16: 0.18 | M16: =IF(P16<=100,D16+F16+H16+J16+L16,"INVALIDO") -> 1 | N16: ='ORÇAMENTO CREAS'!K21*(1+'ORÇAMENTO CREAS'!J230) -> 39366.307 | O16: =N16/$N$28 -> 0.12321407 | P16: =D16+F16+H16+J16+L16 -> 1
A17: 2 | B17: DEMOLIÇÕES E LIMPEZA | C17: =D17*N17 -> 2281.1836 | D17: 1 | E17: =F17*N17 -> 0 | G17: =H17*N17 -> 0 | I17: =J17*N17 -> 0 | K17: =L17*N17 -> 0 | M17: =IF(P17<=100,D17+F17+H17+J17+L17,"INVALIDO") -> 1 | N17: ='ORÇAMENTO CREAS'!K27*(1+'ORÇAMENTO CREAS'!J230) -> 2281.1836 | O17: =N17/$N$28 -> 0.0071399613 | P17: =D17+F17+H17+J17+L17 -> 1
A18: 3 | B18: INFRAESTRUTURA | C18: =D18*N18 -> 21946.774 | D18: 1 | E18: =F18*N18 -> 0 | G18: =H18*N18 -> 0 | I18: =J18*N18 -> 0 | K18: =L18*N18 -> 0 | M18: =IF(P18<=100,D18+F18+H18+J18+L18,"INVALIDO") -> 1 | N18: ='ORÇAMENTO CREAS'!K43*(1+'ORÇAMENTO CREAS'!J230) -> 21946.774 | O18: =N18/$N$28 -> 0.068692022 | P18: =D18+F18+H18+J18+L18 -> 1
A19: 4 | B19: SUPERESTRUTURA | C19: =D19*N19 -> 6879.4638 | D19: 0.4 | E19: =F19*N19 -> 10319.196 | F19: 0.6 | G19: =H19*N19 -> 0 | I19: =J19*N19 -> 0 | K19: =L19*N19 -> 0 | M19: =IF(P19<=100,D19+F19+H19+J19+L19,"INVALIDO") -> 1 | N19: ='ORÇAMENTO CREAS'!K65*(1+'ORÇAMENTO CREAS'!J230) -> 17198.659 | O19: =N19/$N$28 -> 0.053830723 | P19: =D19+F19+H19+J19+L19 -> 1
A20: 5 | B20: ALVENARIA E VEDAÇÕES | C20: =D20*N20 -> 18898.836 | D20: 0.4 | E20: =F20*N20 -> 28348.254 | F20: 0.6 | G20: =H20*N20 -> 0 | I20: =J20*N20 -> 0 | K20: =L20*N20 -> 0 | M20: =IF(P20<=100,D20+F20+H20+J20+L20,"INVALIDO") -> 1 | N20: ='ORÇAMENTO CREAS'!K71*(1+'ORÇAMENTO CREAS'!J230) -> 47247.09 | O20: =N20/$N$28 -> 0.14788042 | P20: =D20+F20+H20+J20+L20 -> 1
A21: 6 | B21: COBERTURA | C21: =D21*N21 -> 0 | E21: =F21*N21 -> 0 | G21: =H21*N21 -> 18284.952 | H21: 0.53 | I21: =J21*N21 -> 10694.972 | J21: 0.31 | K21: =L21*N21 -> 5519.9855 | L21: 0.16 | M21: =IF(P21<=100,D21+F21+H21+J21+L21,"INVALIDO") -> 1 | N21: ='ORÇAMENTO CREAS'!K79*(1+'ORÇAMENTO CREAS'!J230) -> 34499.909 | O21: =N21/$N$28 -> 0.10798255 | P21: =D21+F21+H21+J21+L21 -> 1
A22: 7 | B22: INSTALAÇÕES HIDROSSANIT | C22: =D22*N22 -> 0 | E22: =F22*N22 -> 0 | G22: =H22*N22 -> 3350.9304 | H22: 0.4 | I22: =J22*N22 -> 4188.6631 | J22: 0.5 | K22: =L22*N22 -> 837.73261 | L22: 0.1 | M22: =IF(P22<=100,D22+F22+H22+J22+L22,"INVALIDO") -> 1 | N22: ='ORÇAMENTO CREAS'!K138*(1+'ORÇAMENTO CREAS'!J230) -> 8377.3261 | O22: =N22/$N$28 -> 0.026220504 | P22: =D22+F22+H22+J22+L22 -> 1
A23: 8 | B23: INSTALAÇÕES ELÉTRICAS | C23: =D23*N23 -> 0 | E23: =F23*N23 -> 0 | G23: =H23*N23 -> 10861.477 | H23: 0.4 | I23: =J23*N23 -> 13576.846 | J23: 0.5 | K23: =L23*N23 -> 2715.3692 | L23: 0.1 | M23: =IF(P23<=100,D23+F23+H23+J23+L23,"INVALIDO") -> 1 | N23: ='ORÇAMENTO CREAS'!K176*(1+'ORÇAMENTO CREAS'!J230) -> 27153.692 | O23: =N23/$N$28 -> 0.084989349 | P23: =D23+F23+H23+J23+L23 -> 1
A24: 9 | B24: REVESTIMENTOS ACABAMENTOS | C24: =D24*N24 -> 0 | E24: =F24*N24 -> 0 | G24: =H24*N24 -> 8195.5341 | H24: 0.2 | I24: =J24*N24 -> 16391.068 | J24: 0.4 | K24: =L24*N24 -> 16391.068 | L24: 0.4 | M24: =IF(P24<=100,D24+F24+H24+J24+L24,"INVALIDO") -> 1 | N24: ='ORÇAMENTO CREAS'!K189*(1+'ORÇAMENTO CREAS'!J230) -> 40977.671 | O24: =N24/$N$28 -> 0.12825753 | P24: =D24+F24+H24+J24+L24 -> 1
A25: 10 | B25: ESQUADRIAS | C25: =D25*N25 -> 0 | E25: =F25*N25 -> 0 | G25: =H25*N25 -> 8355.2052 | H25: 0.5 | I25: =J25*N25 -> 8355.2052 | J25: 0.5 | K25: =L25*N25 -> 0 | M25: =IF(P25<=100,D25+F25+H25+J25+L25,"INVALIDO") -> 1 | N25: ='ORÇAMENTO CREAS'!K199*(1+'ORÇAMENTO CREAS'!J230) -> 16710.41 | O25: =N25/$N$28 -> 0.052302534 | P25: =D25+F25+H25+J25+L25 -> 1
A26: 11 | B26: PINTURA GERAL | C26: =D26*N26 -> 0 | E26: =F26*N26 -> 0 | G26: =H26*N26 -> 0 | I26: =J26*N26 -> 28922.156 | J26: 0.5 | K26: =L26*N26 -> 28922.156 | L26: 0.5 | M26: =IF(P26<=100,D26+F26+H26+J26+L26,"INVALIDO") -> 1 | N26: ='ORÇAMENTO CREAS'!K219*(1+'ORÇAMENTO CREAS'!J230) -> 57844.313 | O26: =N26/$N$28 -> 0.18104906 | P26: =D26+F26+H26+J26+L26 -> 1
A27: 12 | B27: SERVIÇOS FINAIS | C27: =D27*N27 -> 0 | E27: =F27*N27 -> 0 | G27: =H27*N27 -> 0 | I27: =J27*N27 -> 0 | K27: =L27*N27 -> 5891.8992 | L27: 1 | M27: =IF(P27<=100,D27+F27+H27+J27+L27,"INVALIDO") -> 1 | N27: ='ORÇAMENTO CREAS'!K227*(1+'ORÇAMENTO CREAS'!J230) -> 5891.8992 | O27: =N27/$N$28 -> 0.018441274 | P27: =D27+F27+H27+J27+L27 -> 1
A28: TOTAL: | C28: =SUM(C16:C27) -> 61028.823 | D28: =C29/N28 -> 0.19101638 | E28: =SUM(E16:E27) -> 45753.385 | F28: =E28/N28 -> 0.14320522 | G28: =SUM(G16:G27) -> 56134.034 | H28: =G28/N28 -> 0.175696 | I28: =SUM(I16:I27) -> 89214.846 | J28: =I28/N28 -> 0.27923686 | K28: =SUM(K16:K27) -> 67364.146 | L28: =K28/N28 -> 0.21084554 | N28: =SUM(N16:N27) -> 319495.23 | O28: =SUM(O16:O27) -> 1
A29: TOTAL ACUMULADO C/ BDI: | C29: =C28 -> 61028.823 | D29: =D28 -> 0.19101638 | E29: =C29+E28 -> 106782.21 | F29: =D29+F28 -> 0.3342216 | G29: =E29+G28 -> 162916.24 | H29: =F29+H28 -> 0.5099176 | I29: =G29+I28 -> 252131.09 | J29: =H29+J28 -> 0.78915446 | K29: =I29+K28 -> 319495.23 | L29: =J29+L28 -> 1
A31: Morrinhos - GO, 11 de junho de 2026.
A35: LEONARDO DE BESSA FREITAS
A36: ENG° CIVIL - CREA: 10221/D-GO

Sheet BDI
A3: OBRA: Reforma do Centro de Referência Especializado de Assistência Social (CREAS) e ampliação destinada ao funcionamento do Centro de Referência da Infância e Adolescência Protegida (CRIAP)
A4: LOCAL: RUA CASTRO ALVES, ESQ. C/ RUA CEL. JOÃO LOPES ZEDES, LOTE N° 04-A, QUADRA 80, CENTRO - MORRINHOS/GO, CEP: 75650-098
A6: DEMONSTRATIVO DE BDI
A8: Para o cálculo do BDI, utilizou-se o ACÓRDÃO 2.622/2013 – TCU – PLENÁRIO / PORTARIA 449/2015 PR-AGETOP
A10: Coeficientes adotados:
A12: Administração central (AC): Valores definidos a partir dos limites no Acórdão nº 2.622/2013 - TCU – Plenário. Valores médios.
A14: Lucro (L): Valores definidos a partir dos limites definidos no Acórdão nº 2.622/2013 - TCU – Plenário.
A15: Valores adotados e praticados no mercado
A17: Despesas financeiras (DF): Valor calculado pela expressão matemática do acórdão 2.369/2011 – TCU – Plenário.
A18: (Foi utilizado para o cálculo a média da Taxa SELIC do ano de 2015)
A20: Seguros + Garantias (S + G): Valores definidos a partir dos limites no Acórdão nº 2.622/2013 - TCU – Plenário.
A21: Valores médios. (Seguros contra erros de execução, incêndio e explosão, danos da natureza (vendaval, destelhamento, alagamento, inundação, desmoronamento, geadas etc.), emprego de material defeituoso ou inadequado, roubo e/ou furto qualificado, quebra de equipamentos, desmoronamento de estrutura, nas modalidades de Obras Civis em Construção (OCC); Instalação e Montagem (IM); e Obras Civis em Construção e Instalação e Montagem (OCC/IM). Bem como coberturas adicionais para ampliação dessas coberturas básicas, como: cobertura de responsabilidade civil geral, cobertura de responsabilidade civil cruzada, cobertura de despesas extraordinárias, cobertura de tumultos, cobertura de desentulho do local, cobertura de riscos do fabricante, dentre outras, incluindo o seguro de vida em grupo regido pela convenção coletiva dos trabalhadores na indústria da construção civil). A partir de 24/02/2015 por intermédio da Portaria 449/2015 a Presidência desta casa, na pessoa do Senhor Jayme Eduardo Rincon, determinou a exclusão dos valores referentes aos Seguros de Risco de Engenharia e Responsabilidade Civil do Profissional na composição do cálculo do B.D.I..
... A36: 1 - BDI PARA OBRAS DE EDIFICAÇÕES
A38: BDI GERAL | C38: Administração central | D38: Lucro | E38: Despesas financeiras | F38: Seguros + Garantias | G38: Riscos | H38: Tributos | I38: Resultado
C39: 0.04 | D39: 0.0225 | E39: 0.01 | F39: 0.0012 | G39: 0.0097 | H39: 0.1104 | I39: 0.28
A41: A fórmula para estipulação da taxa de BDI estimado adotado é a mesma que foi aplicada para a obtenção das tabelas contidas no Acórdão n. 2.622/2013 – TCUPlenário:
A43: BDI = (1+AC+S+R+G)*(1+DF)*(1+L) -1
A44: (1-l)
A46: BDI= (1+0,04+0,0006+0,0097+0,0006).(1+0,01).(1+0,0225) -1 = 22,00%
A47: (1-0,1104)
A48: Morrinhos - GO, 02 de junho de 2026.
A49: ________________________________________________________
A52: LEONARDO DE BESSA FREITAS
A53: ENG° CIVIL - CREA: 10221/D-GO
